 Dungeon Crawl Stone Soup version 0.31.0-32-g396128a36d (webtiles) character file.

Game seed: 15875652741297654686

55297 Waters the Carver (level 14, -7/110 HPs)
             Began as a Demonspawn Fighter on Mar 13, 2024.
             Mangled by a death yak (20 damage)
             ... on level 5 of the Lair of Beasts on Mar 14, 2024.
             The game lasted 00:36:57 (17643 turns).

Waters the Carver (Demonspawn Fighter)             Turns: 17643, Time: 00:36:57

Health: -7/110     AC: 22    Str: 17    XL:     14   Next: 37%
Magic:  29/29      EV: 12    Int: 14    God:
Gold:   826        SH:  7    Dex: 15    Spells: 35/35 levels left

rFire   . . .        C - +2 scimitar (flame)
rCold   . . .        c - +0 buckler
rNeg    . . .        m - +4 chain mail
rPois   +            A - +2 hat {Int+3}
rElec   .            l - +0 cloak
rCorr   .            (no gloves)
SInv    .            (no boots)
Will    +....        G - amulet of regeneration Stlth
                     s - +5 ring of evasion
HPRegen 1.18/turn    b - ring of poison resistance
MPRegen 0.21/turn

%: no passive effects
@: no status effects
A: hooves 1, powered by pain 1, spiny 3, sharp scales 3
a: no special abilities


You were on level 5 of the Lair of Beasts.
You visited 3 branches of the dungeon, and saw 14 of its levels.

You collected 826 gold pieces.

Inventory:

Hand Weapons
 C - a +2 scimitar of flaming (weapon)
Missiles
 g - 32 poisoned darts
 h - 5 javelins (quivered)
Armour
 c - a +0 buckler (worn)
 l - a +0 cloak (worn)
 m - a +4 chain mail (worn)
 A - a +2 hat of intelligence (worn)
 B - +0 swamp dragon scales
Jewellery
 b - a ring of poison resistance (right hand)
 n - a ring of positive energy
 s - a +5 ring of evasion (left hand)
 F - a ring of ice
 G - an amulet of regeneration (around neck)
Wands
 d - a wand of roots (5)
 k - a wand of charming (8)
 v - a wand of quicksilver (2)
 y - a wand of polymorph (4)
Scrolls
 a - a scroll of immolation {unknown}
 j - 2 scrolls of enchant armour
 o - 4 scrolls of teleportation
 r - 4 scrolls of revelation
 t - 2 scrolls of vulnerability {unknown}
 u - a scroll of noise {unknown}
 w - a scroll of acquirement {unknown}
 x - 2 scrolls of blinking {unknown}
 D - a scroll of amnesia {unknown}
 E - a scroll of identify
Potions
 e - a potion of mutation {unknown}
 q - 2 potions of lignification {unknown}
 z - a potion of brilliance {unknown}
 H - a potion of might
 I - 2 potions of enlightenment {unknown}


   Skills:
 - Level 10.0 Fighting
 + Level 13.9 Long Blades
 - Level 10.0 Armour
 - Level 10.0 Shields
 - Level 11.0 Spellcasting


You had 35 spell levels left.
You didn't know any spells.
Your spell library contained the following spells:

 Spells                   Type           Power      Damage    Failure   Level
 Apportation              Tloc           14%        N/A       63%         1
 Necrotise                Necr           28%        1d5       63%         1
 Sting                    Conj/Alch      28%        1d4       63%         1
 Summon Small Mammal      Summ           28%        N/A       63%         1
 Lesser Beckoning         Tloc           14%        N/A       77%         2
 Gell's Gravitas          Tloc           7%         N/A       94%         3
 Teleport Other           Tloc           7%         N/A       94%         3
 Vampiric Draining        Necr           7%         2d6       94%         3
 Leda's Liquefaction      Alch/Erth      3%         N/A       100%        4
 Martyr's Knell           Necr/Summ      7%         N/A       100%        4
 Curse of Agony           Necr           7%         N/A       100%        5
 Lee's Rapid Deconstruct  Erth           3%         3d5*      100%        5
 Bombard                  Conj/Erth      3%         9d1       100%        6


Dungeon Overview and Level Annotations

Branches:
Dungeon (8/15)             Temple (1/1) D:4            Lair (5/5) D:8
 Spider (0/4) Lair:2
  Swamp: Lair:2-3    Shoals: Lair:2-3     Slime: Lair:4-5

Altars:
Ashenzari
Cheibriados
Dithmenos
Fedhas
Gozag
Hepliaklqana
Kikubaaqudgha
Nemelex Xobeh
Okawaru
Qazlal
Ru
Sif Muna
Uskayaw
Vehumet
Wu Jian
Xom
Yredelemnul

Shops:
D:5 *

Annotations:
Lair:3 exclusion: oklob plant


Innate Abilities, Weirdness & Mutations

You have large cloven feet.
You sometimes gain a little power by taking damage.
You are completely covered in sharp spines.
You are completely covered in razor-sharp scales. (AC +3, Slay +3)


Message History

You slash the death yak! You burn the death yak.
You kick the death yak, but do no damage.
The death yak is severely wounded.
The death yak is struck by your spines.
The death yak gores you but does no damage.
The death yak gores you!
* * * LOW HITPOINT WARNING * * *
You slash the death yak! You burn the death yak.
The death yak is almost dead.
You hit the death yak but do no damage.
The death yak is almost dead.
The death yak is struck by your spines.
The death yak gores you but does no damage.
The death yak is struck by your spines. The death yak gores you!
* * * LOW HITPOINT WARNING * * *
You slash the death yak! You burn the death yak.
You kill the death yak!
The death yak is struck by your spines. The death yak gores you!
* * * LOW HITPOINT WARNING * * *
You feel better. You block the death yak's attack.
You feel better. The death yak gores you!!
* * * LOW HITPOINT WARNING * * *
You feel better. You block the death yak's attack.
You feel better. You block the death yak's attack.
Aiming: Quicksilver Bolt
Press: ? - help, Q - select action, (/) - cycle Shift-Dir - straight line, f - water moccasin
Aim: a water moccasin (moderately wounded, 53% to hit)
The bolt of dispelling energy hits the water moccasin!
The water moccasin is severely wounded.
You block the death yak's attack.
You barely miss the death yak.
The death yak is moderately wounded.
You slash the death yak! You burn the death yak. You kick the death yak.
The death yak is severely wounded.
The death yak is struck by your spines. The death yak gores you!
* * * LOW HITPOINT WARNING * * *
You slash the water moccasin! You burn the water moccasin.
You kill the water moccasin!
The death yak is struck by your spines. The death yak gores you!!
You die...

#.#..#P..#
######...## ##...#
##..## #...P#
#...## ####...# ##
#.P##Y.##
.###.######.....@.#
.......#...P......#
..................#
P.##..P.#...P....##
.#.#..P#.###......#
.##....### ##....##
P.#P...### #.....##
P........####....P#
..........†......##


You could see a death yak.

Vanquished Creatures
  Gastronok (Lair:1)
  5 entropy weavers (Lair:4)
  Fannar (Lair:2)
  A hydra (Lair:4)
  3 ghost crabs (Lair:4)
  An anaconda (Lair:5)
  Erica (D:8)
  16 death yaks
  Amaemon (Lair:2)
  4 fire crabs (Lair:4)
  Pikel (D:7)
  A wolf spider (Lair:2)
  5 elephants
  Joseph (D:8)
  8 black mambas
  An apocalypse crab (Lair:4)
  An eye of devastation (Lair:5)
  An orange demon (Lair:2)
  Maggie (D:8)
  10 komodo dragons
  2 rime drakes
  19 cane toads
  Jeremiah (D:7)
  6 polar bears
  A hornet (Lair:5)
  14 blink frogs
  A tyrant leech (Lair:3)
  A culicivora (Lair:2)
  33 yaks
  12 wyverns
  A redback (Lair:5)
  2 basilisks
  Eustachio (D:4)
  Grum (Lair:1)
  3 steam dragons
  Edmund (D:4)
  Menkaure (D:7)
  An acid dragon (D:8)
  19 water moccasins
  An orc warrior (D:7)
  3 black bears
  An ogre (D:5)
  23 wolves
  4 lemures
  A phantom (D:5)
  17 bullfrogs
  4 wights (D:8)
  A vampire bat (Lair:5)
  11 killer bees
  6 howler monkeys
  An electric eel (Lair:2)
  2 bombardier beetles
  3 hounds
  A jelly (D:6)
  7 orc priests
  4 iguanas
  10 orc wizards
  4 adders
  3 gnolls (D:7)
  A white imp (D:7)
  2 dart slugs
  4 ribbon worms
  25 orcs
  5 endoplasms
  3 giant cockroaches
  4 goblins
  8 hobgoblins
  13 jackals
  4 kobolds
  2 quokkas
  5 ball pythons
  13 bats
  4 frilled lizards
  2 rats (D:1)
386 creatures vanquished.

Vanquished Creatures (others)
  A fire crab (Lair:4)
  An adder (D:5)
2 creatures vanquished.

Grand Total: 388 creatures vanquished

Notes
Turn   | Place    | Note
-------+----------+-------------------------------------------
     0 | D:1      | Waters the Demonspawn Fighter began the quest for the Orb.
     0 | D:1      | Reached XP level 1. HP: 18/18 MP: 1/1
   169 | D:1      | Reached skill level 2 in Long Blades
   169 | D:1      | Gained mutation: You are partially covered in sharp spines.
                  | [demonic ancestry]
   169 | D:1      | Reached XP level 2. HP: 24/24 MP: 2/2
   851 | D:2      | Reached XP level 3. HP: 29/29 MP: 3/3
  1196 | D:2      | Found a faded altar of an unknown god.
  1693 | D:3      | Gained mutation: You have large cloven feet. [demonic
                  | ancestry]
  1693 | D:3      | Reached XP level 4. HP: 21/36 MP: 4/4
  2374 | D:3      | Reached XP level 5. HP: 31/42 MP: 5/5
  2535 | D:3      | Found a shimmering blue altar of Sif Muna.
  2719 | D:3      | Reached skill level 3 in Long Blades
  2836 | D:4      | Noticed a black bear
  2910 | D:4      | Noticed Edmund
  2929 | D:4      | Killed Edmund
  2930 | D:4      | Gained mutation: You are partially covered in razor-sharp
                  | scales. (AC +1, Slay +1) [demonic ancestry]
  2930 | D:4      | Reached XP level 6. HP: 30/49 MP: 6/6
  3161 | D:4      | Noticed Eustachio
  3205 | D:4      | Killed Eustachio
  3206 | D:4      | Gained mutation: You sometimes gain a little power by
                  | taking damage. [demonic ancestry]
  3206 | D:4      | Reached XP level 7. HP: 51/55 MP: 7/7
  3276 | D:4      | Found a staircase to the Ecumenical Temple.
  3288 | Temple   | Entered the Ecumenical Temple
  3568 | D:5      | Entered Level 5 of the Dungeon
  3754 | D:5      | Reached skill level 4 in Long Blades
  3783 | D:5      | Reached skill level 5 in Fighting
  4159 | D:5      | Found Wyasycuu's Neck Hole.
  4468 | D:5      | Reached skill level 5 in Armour
  4468 | D:5      | Reached skill level 5 in Shields
  4468 | D:5      | Gained mutation: You are mostly covered in sharp spines.
                  | [demonic ancestry]
  4468 | D:5      | Reached XP level 8. HP: 63/63 MP: 8/8
  4655 | D:6      | Found a shimmering altar of Xom.
  5026 | D:7      | Noticed Menkaure
  5031 | D:7      | Killed Menkaure
  5313 | D:8      | Found a staircase to the Lair.
  5314 | D:8      | Found an opulent altar of Gozag.
  5340 | D:8      | Reached skill level 5 in Long Blades
  5673 | D:8      | Gained mutation: You are mostly covered in razor-sharp
                  | scales. (AC +2, Slay +2) [demonic ancestry]
  5673 | D:8      | Reached XP level 9. HP: 34/71 MP: 9/9
  5883 | D:8      | Noticed Joseph
  5897 | D:8      | Killed Joseph
  6151 | D:8      | Found a snail-covered altar of Cheibriados.
  6243 | D:8      | Noticed Maggie
  6264 | D:8      | Killed Maggie
  6265 | D:8      | Reached skill level 6 in Long Blades
  6809 | D:8      | Noticed Erica
  6819 | D:8      | Killed Erica
  6820 | D:8      | Reached skill level 1 in Spellcasting
  7006 | D:7      | Noticed Pikel
  7024 | D:7      | Killed Pikel
  7070 | D:7      | Reached XP level 10. HP: 80/80 MP: 13/13
  7286 | D:7      | Noticed Jeremiah
  7359 | D:7      | Killed Jeremiah
  7677 | D:7      | Found a sacrificial altar of Ru.
  7745 | D:7      | Found a shadowy altar of Dithmenos.
  8024 | Lair:1   | Entered Level 1 of the Lair of Beasts
  8124 | Lair:1   | Reached skill level 7 in Long Blades
  8485 | Lair:1   | Gained mutation: You are completely covered in sharp
                  | spines. [demonic ancestry]
  8485 | Lair:1   | Reached XP level 11. HP: 74/87 MP: 17/17
  8492 | Lair:1   | Noticed Gastronok
  8504 | Lair:1   | Killed Gastronok
  8594 | Lair:1   | Noticed Grum
  8608 | Lair:1   | Killed Grum
  8844 | Lair:1   | Reached skill level 8 in Long Blades
  9042 | Lair:1   | Reached skill level 5 in Spellcasting
 10121 | Lair:2   | Noticed Amaemon
 10146 | Lair:2   | Killed Amaemon
 10159 | Lair:2   | Reached XP level 12. HP: 42/97 MP: 19/21
 10324 | Lair:2   | Noticed Fannar
 10334 | Lair:2   | Reached skill level 10 in Fighting
 10361 | Lair:2   | Reached skill level 9 in Long Blades
 10730 | Lair:2   | Killed Fannar
 10801 | Lair:2   | Found a hole to the Spider Nest.
 11172 | Lair:2   | Noticed a death yak
 11173 | Lair:2   | Noticed a death yak
 11174 | Lair:2   | Noticed a death yak
 11174 | Lair:2   | Noticed a death yak
 11197 | Lair:2   | Killed a death yak
 11199 | Lair:2   | Killed a death yak
 11201 | Lair:2   | Killed a death yak
 11207 | Lair:2   | Killed a death yak
 11995 | Lair:3   | Reached skill level 10 in Shields
 11997 | Lair:3   | Reached skill level 10 in Armour
 12114 | Lair:2   | Reached skill level 10 in Long Blades
 12461 | Lair:3   | Reached XP level 13. HP: 42/103 MP: 25/25
 13743 | Lair:4   | Found a dark tunnel.
 13837 | Lair:4   | Found a runed translucent door.
 13867 | Lair:4   | Reached skill level 11 in Long Blades
 15430 | Lair:4   | Reached skill level 10 in Spellcasting
 15637 | Lair:4   | Paralysed by you for 1 turns
 15657 | Lair:4   | HP: 4/103 [entropy weaver (14)]
 16310 | Lair:5   | Entered Level 5 of the Lair of Beasts
 16329 | Lair:5   | Reached skill level 12 in Long Blades
 17032 | Lair:5   | Gained mutation: You are completely covered in razor-sharp
                  | scales. (AC +3, Slay +3) [demonic ancestry]
 17032 | Lair:5   | Reached XP level 14. HP: 108/110 MP: 28/28
 17156 | Lair:5   | Reached skill level 13 in Long Blades
 17635 | Lair:5   | HP: 1/110 [death yak (16)]
 17643 | Lair:5   | Mangled by a death yak

Illustrated notes

Levels and vault maps discovered:
D:1:      saegor_arrival_simple_c, layout_loops_cross,
          chequers_serial_rivers_room_a
D:2:      kennysheep_big_flooded_room, layout_basic,
          chequers_ecumenical_altar_lobes, st_stairs_13
D:3:      layout_loops_cross, led_sif_book, ebering_dispersal_statue_hall,
          chequers_jeans
D:4:      layout_rooms, minmay_temple_entry_butterflies, wad_orctagon,
          uniq_eustachio, uniq_edmund
D:5:      layout_cave_pods, nicolae_shop_sticking_my_neck_out
D:6:      layout_gridville, kennysheep_little_box
D:7:      layout_gridville, overflow_temple_1_default, kennysheep_mini_moat,
          uniq_menkaure, uniq_pikel, uniq_jeremiah
D:8:      layout_basic, mainiacjoe_overflow_alcove_4, chei_slow_surprise,
          uniq_erica, uniq_joseph, uniq_maggie
Temple:   dpeg_chambers_temple
Lair:1:   layout_regular_city, dpeg_stationary_puzzle, grunt_megastairs_2,
          uniq_grum, uniq_gastronok
Lair:2:   layout_misc_corridors, spider_nest_entry_rubble,
          infiniplex_staircase_pool, uniq_fannar, uniq_amaemon
Lair:3:   layout_roguey, minmay_swamp_entry_worms, cheibrodos_lair_lostbears,
          grunt_megastairs_5, infiniplex_staircase_pool_2
Lair:4:   gammafunk_mikee_crab_dinner, layout_cellular_growth, enter_volcano_2
Lair:5:   hangedman_lair_tendril_chambers, layout_gridlike,
          dpeg_slime_entry_corner, roderic_batcave, nicolae_lair_time_for_slime

Skill      XL: |  1  2  3  4  5  6  7  8  9 10 11 12 13 14 |
---------------+-------------------------------------------+-----
Long Blades    | 2 3 4 5 6 7 8 10 12 13 | 13.9
Armour         | 3 4 5 6 7 8 9 10 | 10.0
Shields        | 3 4 5 6 7 8 9 10 | 10.0
Fighting       | 4 5 6 7 8 9 10 | 10.0
Spellcasting   | 2 4 6 8 10 11 | 11.0

Action                     |  1- 3 |  4- 6 |  7- 9 | 10-12 | 13-15 || total
---------------------------+-------+-------+-------+-------+-------++-------
  Melee: Long sword        |    77 |    85 |   131 |       |       ||   293
         Kick              |       |    18 |    57 |   168 |   185 ||   428
         Scimitar          |       |       |    30 |   475 |   417 ||   922
  Evoke: Wand              |       |       |     2 |     1 |     7 ||    10
    Use: Potion            |       |     1 |     2 |     2 |    15 ||    20
         Scroll            |       |       |     4 |     1 |     5 ||    10
 Armour: Scale mail        |    44 |       |       |       |       ||    44
         Chain mail        |    11 |    88 |   141 |   420 |   386 ||  1046
         Skin              |       |       |       |     9 |       ||     9
  Dodge: Dodged            |    34 |    39 |    84 |   285 |   201 ||   643
  Block: Buckler           |    16 |    17 |    52 |   150 |   173 ||   408
